 Dungeon Crawl Stone Soup version 0.25.0-11-g1f837a76a1 (webtiles) character file.

Game seed: 8085500985541250070

(classic levelgen) 1 EnegeticOcto the Grave Robber (level 1, 0/10 HPs)
             Began as a Kobold Necromancer on June 27, 2020.
             Slain by a leopard gecko (3 damage)
             ... on level 1 of the Dungeon.
             The game lasted 00:00:33 (88 turns).

EnegeticOcto the Grave Robber (Kobold Necromancer)    Turns: 88, Time: 00:00:33

Health: 0/10       AC:  2    Str:  5    XL:     1   Next: 22%
Magic:  0/3        EV: 15    Int: 16    God:
Gold:   0          SH:  0    Dex: 15    Spells: 3/4 levels left

rFire    . . .     SeeInvis .   (weapon restricted)
rCold    . . .     Gourm    .   (shield restricted)
rNeg     . . .     Faith    .   a - +0 robe
rPois    .         Spirit   .   (no helmet)
rElec    .         Reflect  .   (no cloak)
rCorr    .         Harm     .   (no gloves)
MR       .....                  (no boots)
Stlth    ++........             (no amulet)
HPRegen  0.03/turn              (no ring)
MPRegen  0.08/turn              (no ring)

@: no status effects
A: small, carnivore
a: no special abilities


You were on level 1 of the Dungeon.
You were not hungry.

You visited 1 branch of the dungeon, and saw 1 of its levels.

Inventory:

Armour
 a - a +0 robe (worn)
Scrolls
 b - a scroll of enchant weapon {unknown}
Comestibles
 e - a ration


   Skills:
 - Level 2.4 Dodging
 + Level 2.8 Stealth
 - Level 2.1 Spellcasting
 + Level 4.0 Necromancy


You had 3 spell levels left.
You knew the following spells:

 Your Spells              Type           Power        Failure   Level  Hunger
a - Pain                  Necr           ##..         3%          1    #......

Your spell library contained the following spells:

 Spells                   Type           Power        Failure   Level  Hunger
 Animate Skeleton         Necr           N/A          3%          1    #......
 Vampiric Draining        Necr           ##........   12%         3    ###....
 Animate Dead             Necr           N/A          36%         4    #####..
 Agony                    Necr           ##......     71%         5    ######.


Dungeon Overview and Level Annotations

Branches:
Dungeon (1/15)

Altars:


Innate Abilities, Weirdness & Mutations

You are small and have problems with some larger weapons.
You are carnivorous and can eat meat at any time.


Message History

Welcome, EnegeticOcto the Kobold Necromancer.
The bosom of this dungeon contains the awesome artefact, the Orb of Zot.
Press ? for a list of commands and other information.
Found a scroll labeled JAAMPA QALIONT.
Found a staircase leading out of the dungeon.
You open the door.
There is an open door here.
You open the door.
There is an open door here.
b - a scroll labeled JAAMPA QALIONT
There is an open door here.
You open the door.
There is an open door here.
A bat comes into view.
Casting: Pain (safe; 4% risk of failure)
Confirm with . or Enter, or press ? or * to list all spells.
Aiming: Pain (safe; 4% risk of failure)
Press: ? - help, Shift-Dir - straight line, f - bat
Aim: a bat (asleep, chance to defeat MR: 85%)
The bat writhes in agony.
You kill the bat!
Magic restored.
HP restored.
You butcher the bat corpse.
c - a chunk of flesh You see here a bat skeleton. x2
Eating a chunk of flesh.
You eat the chunk of flesh.
This raw flesh tastes great.
A kobold comes into view.
A kobold is nearby!
Casting: Pain (safe; 4% risk of failure)
Confirm with . or Enter, or press ? or * to list all spells.
Aiming: Pain (safe; 4% risk of failure)
Press: ? - help, Shift-Dir - straight line, f - kobold
Aim: a kobold (asleep, chance to defeat MR: 85%)
The kobold shouts!
The kobold writhes in agony.
You hear a shout!
Casting: Pain (safe; 4% risk of failure)
Confirm with . or Enter, or press ? or * to list all spells.
Aiming: Pain (safe; 4% risk of failure)
Press: ? - help, Shift-Dir - straight line, f/p - kobold
Aim: a kobold (severely wounded, chance to defeat MR: 85%)
The kobold writhes in agony.
You kill the kobold!
A leopard gecko comes into view.
Casting: Pain (safe; 3% risk of failure)
Confirm with . or Enter, or press ? or * to list all spells.
Aiming: Pain (safe; 3% risk of failure)
Press: ? - help, Shift-Dir - straight line, f - leopard gecko
Aim: a leopard gecko (wandering, hasn't noticed you, chance to defeat MR: 85%)
The leopard gecko hisses angrily.
The leopard gecko barely resists.
A kobold comes into view. It is wielding a +0 dagger.
A kobold comes into view. It is wielding a +0 short sword.
The kobold shouts!
The kobold throws a stone.
The stone misses you.
The kobold throws a stone.
The stone closely misses you.
You see here a stone.
The leopard gecko closely misses you.
Casting: Pain (safe; 3% risk of failure)
Confirm with . or Enter, or press ? or * to list all spells.
Aiming: Pain (safe; 3% risk of failure)
Press: ? - help, Shift-Dir - straight line, f/p - leopard gecko
Aim: a leopard gecko (chance to defeat MR: 85%)
The leopard gecko writhes in agony.
The leopard gecko bites you but does no damage.
The leopard gecko completely misses you.
There is an open door here.
Casting: Pain (safe; 3% risk of failure)
Confirm with . or Enter, or press ? or * to list all spells.
Aiming: Pain (safe; 3% risk of failure)
Press: ? - help, Shift-Dir - straight line, f/p - leopard gecko
Aim: a leopard gecko (chance to defeat MR: 85%)
The leopard gecko barely resists.
The leopard gecko misses you. The leopard gecko misses you.
You open the door. The leopard gecko misses you.
The kobold throws a stone.
The stone completely misses you.
There is an open door here.
You see here a stone.
The leopard gecko bites you. The leopard gecko barely misses you.
The leopard gecko bites you.
* * * LOW HITPOINT WARNING * * *
The kobold hits you but does no damage. The leopard gecko bites you.
You die...

##### ###### #...#
#....# #.8.# #....#
#...# #....######
###'######..รท.......
#####..@..'.##....K..(..
#...#..l..#....K........
#.<.'..K..#.#####.......
#...#....K#.# #.......
#####.....(.# #.......
###+##### #....... #...#
#....... #.8.# #.......
#...# #.......


You could see a leopard gecko and 2 kobolds.

Vanquished Creatures
  A bat (D:1)
  A kobold (D:1)
2 creatures vanquished.

Notes
Turn   | Place    | Note
-------+----------+-------------------------------------------
     0 | D:1      | EnegeticOcto the Kobold Necromancer began the quest for the
                  | Orb.
     0 | D:1      | Reached XP level 1. HP: 10/10 MP: 3/3
    88 | D:1      | Slain by a leopard gecko

Illustrated notes

Levels and vault maps discovered:
D:1:      minmay_arrival_stair_chambers, layout_basic, minmay_cupped

Action                   || total
-------------------------++-------
 Cast: Pain              ||     6
  Eat: Chunk             ||     1
Armor: Robe              ||     2
Dodge: Dodged            ||     9
